 Dungeon Crawl Stone Soup version 0.22-a0-443-g17c3723931 (webtiles) character file.

494489 Oravi the Acrobat (level 25, -14/215 HPs)
             Began as a Merfolk Transmuter on June 1, 2018.
             Was the Champion of Ashenzari.
             Killed from afar by Oravi's ghost (56 damage)
             ... with a blast of rock fragments
             ... on level 5 of the Depths.
             The game lasted 06:02:05 (68747 turns).

Oravi the Acrobat (Merfolk Transmuter)             Turns: 68747, Time: 06:02:05

Health: -14/215    AC: 13    Str: 12    XL:     25   Next: 10%
Magic:  52/53      EV: 33    Int: 22    God:    Ashenzari [******]
Gold:   3395       SH:  0    Dex: 17    Spells: 16/58 levels left

rFire    + . .     SeeInvis +   w - +12 glaive of Prune {chop} (curse)
rCold    + . .     Gourm    .   (shield currently unavailable)
rNeg     + . .     Faith    .   F - +2 animal skin (curse)
rPois    +         Spirit   .   T - +5 hat of Beyond {MP+9 Int+2} (curse)
rElec    .         Reflect  .   k - scarf {rC+ rF+} (curse)
rCorr    .         Harm     .   y - +1 pair of gloves (curse)
MR       +....     Clarity  +   K - +1 pair of boots (curse)
Stlth    ++........             E - amulet of the acrobat (curse)
HPRegen  1.45/turn              m - ring "Daeronn" {rPois rN+} (curse)
MPRegen  0.33/turn              i - +3 ring of slaying (curse)

@: regenerating (expiring), studying 2 skills
A: change form in water, swift swim, stealthy swim
}: 2/15 runes: decaying, serpentine
a: Curse Item, Scrying, Transfer Knowledge, Renounce Religion


You were on level 5 of the Depths.
You worshipped Ashenzari.
Ashenzari was exalted by your worship.
You were not hungry.

You visited 8 branches of the dungeon, and saw 41 of its levels.
You also visited: Ice Cave.

You collected 4472 gold pieces.
You spent 1077 gold pieces at shops.

Inventory:

Hand Weapons
 w - the cursed +12 glaive of Prune (weapon) {chop}
   (You took it off a vampire knight on level 1 of the Depths)

   It inflicts extra damage upon your enemies.
   It has a curse placed upon it.
Missiles
 a - 1203 arrows
Armour
 k - a cursed scarf of resistance (worn)
 y - a cursed +1 pair of gloves (worn)
 F - a cursed +2 animal skin (worn)
 K - a cursed +1 pair of boots (worn)
 N - a scarf of cloud immunity
 Q - the +2 pair of boots of Valour {Dex+2 Stlth+}
   (You found it on level 15 of the Dungeon)

   It affects your dexterity (+2).
   It makes you more stealthy.
 S - a +2 shield
 T - the cursed +5 hat of Beyond (worn) {MP+9 Int+2}
   (You found it on level 4 of the Vaults)

   It affects your intelligence (+2).
   It affects your magic capacity (+9).
   It has a curse placed upon it.
Jewellery
 f - a +4 ring of protection
 i - a cursed +3 ring of slaying (right hand)
 m - the cursed ring "Daeronn" (left hand) {rPois rN+}
   (You acquired it on level 13 of the Dungeon)

   [ring of positive energy]

   It protects you from poison.
   It protects you from negative energy.
   It has a curse placed upon it.
 p - an uncursed ring of resist corrosion
 x - an uncursed ring of protection from fire
 z - a +5 ring of dexterity
 E - a cursed amulet of the acrobat (around neck)
 P - a cursed ring of protection from magic
 U - the cursed ring "Zolatz" {+Inv rN+ Str-2 Dex+5}
   (You acquired it on level 3 of the Snake Pit)

   [ring of positive energy]

   It affects your strength (-2).
   It affects your dexterity (+5).
   It protects you from negative energy.
   It lets you turn invisible.
   It has a curse placed upon it.
Wands
 b - a wand of paralysis (14)
 e - a wand of acid (30)
 t - a wand of flame (35)
 J - a wand of scattershot (5)
 L - a wand of iceblast (13)
 V - a wand of digging (9)
Scrolls
 l - a scroll of summoning
 q - 18 scrolls of identify
 v - 10 scrolls of teleportation
 A - 3 scrolls of fog
 B - 3 scrolls of magic mapping
 I - 3 scrolls of remove curse
 M - 2 scrolls of enchant weapon
 R - 2 scrolls of blinking
 X - a scroll of amnesia
 Z - 2 scrolls of enchant armour
Potions
 c - 12 potions of flight
 g - 7 potions of brilliance
 h - 2 potions of mutation
 j - 5 potions of might
 n - 4 potions of ambrosia
 o - a potion of resistance
 r - a potion of curing
 u - 2 potions of magic
 G - 8 potions of agility
 H - 2 potions of cancellation
 W - 2 potions of haste
 Y - 2 potions of berserk rage
Books
 D - a manual of Stealth
 O - a manual of Poison Magic
Comestibles
 d - 74 rations
 s - 2 chunks of flesh


   Skills:
 + Level 21.6 Fighting
 - Level 22.5(27) Polearms
 - Level 23.7(27) Dodging
 - Level 14.0 Unarmed Combat
 + Level 17.1 Spellcasting
 - Level 5.5(10.0) Hexes
 - Level 5.5(10.0) Charms
 - Level 5.5(10.0) Necromancy
 - Level 1.5(4.5) Translocations
 - Level 15.0(19.0) Transmutations
 - Level 6.1(10.6) Ice Magic
 - Level 6.8(11.3) Earth Magic
 - Level 3.0(6.8) Poison Magic


You had 16 spell levels left.
You knew the following spells:

 Your Spells              Type           Power        Failure   Level  Hunger
a - Statue Form           Tmut/Erth      ######...    1%          6    ####...
b - Sticks to Snakes      Tmut           #######.     0%          2    None
c - Ice Form              Ice/Tmut       ######..     1%          4    None
d - Blade Hands           Tmut           #######...   1%          5    ##.....
e - Petrify               Tmut/Erth      ######..     1%          4    None
f - Cause Fear            Hex            ######....   1%          4    None
g - Leda's Liquefaction   Hex/Erth       ######....   1%          4    None
h - Blink                 Tloc           N/A          1%          2    None
i - Yara's Violent Unrav  Hex/Tmut       ######....   1%          5    ##.....
r - Regeneration          Chrm/Necr      ######....   1%          3    None
w - Spectral Weapon       Hex/Chrm       ######..     1%          3    None

Your spell library contained the following spells:

 Spells                   Type           Power        Failure   Level  Hunger
 Fireball                 Conj/Fire      ###.......   52%         5    ##.....
 Conjure Flame            Conj/Fire      ###.....     7%          3    None
 Bolt of Magma            Conj/Fire/Erth #####.....   14%         5    ##.....
 Confuse                  Hex            ######..     1%          3    None
 Freezing Cloud           Conj/Ice/Air   #####.....   65%         6    ####...
 Mephitic Cloud           Conj/Pois/Air  ####....     2%          3    None
 Ring of Flames           Chrm/Fire      #####.....   95%         7    ######.
 Venom Bolt               Conj/Pois      #####.....   17%         5    ##.....
 Teleport Other           Tloc           #####...     1%          3    None
 Summon Small Mammal      Summ           ###.         2%          1    None
 Animate Dead             Necr           N/A          1%          4    None
 Pain                     Necr           ####         1%          1    None
 Animate Skeleton         Necr           N/A          1%          1    None
 Vampiric Draining        Necr           ######....   1%          3    None
 Freeze                   Ice            ####         1%          1    None
 Summon Ice Beast         Ice/Summ       #####...     2%          4    None
 Call Imp                 Summ           ###.....     3%          2    None
 Dispel Undead            Necr           ######..     1%          5    ##.....
 Iron Shot                Conj/Erth      #####.....   36%         6    ####...
 Recall                   Summ/Tloc      N/A          3%          3    None
 Spider Form              Tmut/Pois      ######....   1%          3    None
 Confusing Touch          Hex            ######       1%          1    None
 Call Canine Familiar     Summ           ###.....     7%          3    None
 Ensorcelled Hibernation  Hex/Ice        ######       1%          2    None
 Metabolic Englaciation   Hex/Ice        ######....   1%          5    ##.....
 Summon Butterflies       Summ           ###.....     2%          1    None
 Silence                  Hex/Air        #####.....   9%          5    ##.....
 Shatter                  Erth           ######....   100%        9    #######
 Corona                   Hex            ######.      1%          1    None
 Portal Projectile        Hex/Tloc       ######       1%          3    None
 Passage of Golubria      Tloc           N/A          4%          4    None
 Orb of Destruction       Conj           ###.......   100%        7    ######.
 Shroud of Golubria       Chrm/Tloc      ######....   1%          2    None
 Inner Flame              Hex/Fire       #####...     1%          3    None
 Beastly Appendage        Tmut           ######       0%          1    None
 Iskenderun's Battlesphe  Conj/Chrm      #####...     9%          5    ##.....
 Fulminant Prism          Conj/Hex       #####.....   3%          4    None
 Infusion                 Chrm           ####         1%          1    None
 Song of Slaying          Chrm           ######..     1%          2    None
 Summon Lightning Spire   Summ/Air       ###.....     22%         4    None
 Summon Guardian Golem    Hex/Summ       #####...     1%          3    None
 Spellforged Servitor     Conj/Summ      ###.......   100%        7    ######.
 Gell's Gravitas          Tloc           #####.....   1%          3    None
 Lesser Beckoning         Tloc           #####.....   1%          3    None
 Poisonous Vapours        Pois/Air       #####.       1%          2    None


Dungeon Overview and Level Annotations

Branches:
Dungeon (15/15)            Temple (1/1) D:4            Lair (6/6) D:8
  Swamp (4/4) Lair:2        Snake (4/4) Lair:3        Slime (0/5) Lair:6
    Orc (2/2) D:11            Elf (0/3) Orc:2        Vaults (4/5) D:13
  Crypt (0/3) Vaults:3     Depths (5/5) D:15            Zot (0/5) Depths:5

Altars:
Ashenzari
Cheibriados
Dithmenos
Elyvilon
Fedhas
Gozag
Hepliaklqana
Kikubaaqudgha
Makhleb
Nemelex Xobeh
Okawaru
Qazlal
Ru
Sif Muna
Trog
Uskayaw
Vehumet
Wu Jian
Xom
Yredelemnul
Zin
The Shining One
Beogh

Shops:
D:4 =   D:14 =   Orc:2 [(!?   Snake:3 ?   Vaults:3 [[?   Vaults:4 [

Portals:
Hell: Depths:1 Depths:2 Depths:3 Depths:4 Depths:5
Abyss: Depths:4
Pandemonium: Depths:3 Depths:5
Ziggurat: Depths:3

Annotations:
Depths:2 brujo666's ghost, adept FoFi
Depths:5 Oravi's ghost, veteran MfTm


Message History

Oravi's ghost casts a spell.
Oravi's ghost blinks!
Okay, then.
A yaktaur comes into view.
Ashenzari warns you: It is wielding a dagger and carrying an arbalest of flaming.
The yaktaur shouts!
The yaktaur unwields an uncursed dagger.
The yaktaur wields an arbalest of flaming.
It bursts into flame!
The yaktaur shoots a bolt.
The bolt misses your spectral weapon. Oravi's ghost stares at you.
Unknown command.
Your skin is crawling a little less now.
Oravi's ghost says, "You must not succeed where I failed!"
Oravi's ghost points at you and mumbles some strange words.
The wall shatters!
The blast of rock fragments hits your spectral weapon.
Your spectral weapon shares its damage with you!
The blast of rock fragments hits you!
You die...

, , *.........##..c...# *** *
,*,**,.#.....#..##.#...# **
##.....##....##..# ,
#..#.#..##.#..##.# ## , *
,..##.##....##....# #. , ,,
.##...#.....##...# ##. ,,,,
......W.(........# ... ,
*,,,.##...##..(.##...# ##. ,
..##.##...@##....# #####.. *
,* *#..#.#..##.#..##.#
#.#.... **,
##.....##....##..####..#...
**
.#.....#..##.#...#..#...... ,
**.........##......##.......)
**,
*.##...##.#..##..#..........
,, * ,
##.##....##........#....# , ,
, #.#..##.#..#......#....# ,,
,, * ,
...##....).......#....#


You could see Oravi's ghost and a friendly spectral glaive of Prune {chop}.

Vanquished Creatures
  Margery (Vaults:1)
  Saint Roka (Orc:2)
  A caustic shrike (Depths:4)
  3 golden dragons
  the Enchantress (Depths:2)
  A bone dragon (Depths:5)
  6 tentacled monstrosities
  Rupert (Lair:6)
  The ghost of brujo666 the Formicid Blade, an adept FoFi of Okawaru (Depths:2)
  2 titans (Depths:3)
  4 liches
  3 sphinxes
  4 thorn hunters
  3 storm dragons
  4 tengu reavers
  10 nagarajas
  4 shadow dragons
  Roxanne (D:14)
  Kirke (Lair:5)
  Donald (Snake:3)
  An iron dragon (Depths:4)
  12 frost giants
  2 orc warlords
  9 fire giants
  A deep elf sorcerer (Depths:1)
  A deep elf elementalist (Depths:3)
  8 vault wardens
  3 balrugs
  A juggernaut zombie (Depths:1)
  3 spriggan defenders
  4 ironheart preservers
  15 stone giants
  The ghost of AnimeWaifu the Bewitcher, an adept FeSk of Ru (Vaults:2)
  27 very ugly things
  5 vampire knights
  An entropy weaver (Vaults:3)
  2 purple draconians (Depths:5)
  A green draconian (Depths:5)
  3 deep elf annihilators
  Azrael (D:15)
  A spark wasp (Depths:4)
  The ghost of AnimeWaifu the Ripper, a journeyman FeBe of Ashenzari (Swamp:3)
  A crystal guardian (Vaults:3)
  2 deep elf death magi
  14 ettins
  A merfolk impaler (Depths:4)
  A merfolk javelineer (Depths:4)
  Josephine (D:13)
  19 yaktaur captains
  2 deep elf high priests (Depths:3)
  6 rakshasas
  6 vault guards
  Harold (D:12)
  15 great orbs of eyes
  14 fire dragons
  17 ice dragons
  26 hydras
  8 naga warriors
  The ghost of afd the Thaumaturge, a journeyman GrEE of Sif Muna (D:11)
  A catoblepas (Lair:6)
  3 death knights
  6 spriggan air magi
  10 anacondas
  22 ogre magi
  11 centaur warriors
  75 two-headed ogres
  7 deep troll earth magi
  15 alligators
  The ghost of Kriby the Blocker, a novice FoFi of Okawaru (D:8)
  11 tengu warriors
  2 satyrs (Depths:2)
  Urug (Lair:5)
  15 spriggan berserkers
  5 vampire magi
  The ghost of zhorgal the Grappler, a journeyman VSMo of Cheibriados (D:9)
  10 deep troll shamans
  2 orc high priests (Orc:2)
  19 naga sharpshooters
  11 shock serpents
  2 sun demons (Depths:2)
  2 deep elf knights
  A fire crab (shapeshifter) (Depths:3)
  20 hell knights
  A shadow wraith (Vaults:3)
  2 salamander mystics
  2 iron trolls
  4 skeletal warriors
  A sea snake (Snake:2)
  2 deep trolls (shapeshifter) (Depths:3)
  2 flayed ghosts
  5 glowing orange brains
  A glowing orange brain (shapeshifter) (D:15)
  An unseen horror (shapeshifter) (Depths:4)
  5 unseen horrors
  An infernal demonspawn (Depths:5)
  10 swamp dragons
  23 deep trolls
  5 wizards
  3 phantasmal warriors (Vaults:4)
  An obsidian statue (Snake:3)
  15 naga ritualists
  2 deep elf archers (Vaults:1)
  7 harpies
  A shambling mangrove (Swamp:4)
  Pikel (D:4)
  8 necromancers
  13 orc knights
  10 ironbrand convokers
  3 wolf spiders
  A wolf spider zombie (D:14)
  2 deep elf magi
  6 fauns (Depths:2)
  35 ugly things
  9 salamanders
  8 mana vipers
  4 oklob plants (Lair:6)
  7 orc sorcerers
  A faun (shapeshifter) (Vaults:4)
  2 manticores
  8 cyclopes
  Maurice (D:9)
  A fire giant skeleton (Depths:1)
  33 black mambas
  14 elephants
  An ice statue (IceCv)
  11 vault sentinels
  A guardian serpent (Snake:2)
  A gargoyle (D:11)
  23 naga magi
  2 water nymphs (Depths:2)
  28 spiny frogs
  3 rime drakes
  A komodo dragon (shapeshifter) (Vaults:3)
  A kobold demonologist (D:11)
  7 komodo dragons
  48 yaktaurs
  8 hellwings
  An ice devil (Depths:5)
  6 freezing wraiths
  3 red devils (Depths:1)
  A troll (shapeshifter) (Vaults:1)
  A jumping spider (shapeshifter) (Vaults:1)
  A meliai (shapeshifter) (Depths:2)
  A tengu conjurer (Depths:2)
  11 tyrant leeches
  2 polar bears (shapeshifter)
  3 meliai (D:13)
  8 trolls
  17 hornets
  19 polar bears
  6 bog bodies
  21 blink frogs
  7 hippogriffs
  33 slime creatures
  An elf skeleton (Depths:1)
  9 spriggans
  13 wraiths
  A redback (Vaults:3)
  10 water elementals
  A ynoxinul (Depths:5)
  A deep troll skeleton (Depths:1)
  4 wyverns
  4 basilisks
  4 fire elementals (D:15)
  A hog (Lair:5)
  A golden eye (shapeshifter) (Vaults:3)
  Grum (D:9)
  81 yaks
  A steam dragon (D:12)
  A human (D:13)
  23 vampire mosquitoes
  A human simulacrum (Vaults:3)
  43 nagas
  5 wargs
  An acid dragon (D:12)
  4 insubstantial wisps (Swamp:4)
  18 swamp worms
  A water moccasin (shapeshifter) (Vaults:1)
  14 water moccasins
  Duvessa (D:5)
  4 hell hounds
  3 porcupines
  3 slaves (D:4)
  45 orc warriors
  A floating eye (Depths:3)
  2 ice beasts
  6 sky beasts
  12 swamp drakes
  A black bear (D:10)
  2 necrophages
  A fire dragon simulacrum (Depths:1)
  40 ogres
  20 wolves
  3 phantoms
  15 boggarts
  16 centaurs
  12 crocodiles
  5 big kobolds
  7 gnoll sergeants (D:11)
  22 bullfrogs
  A wyvern zombie (D:11)
  2 scorpions
  Dowan (D:5)
  4 killer bees (D:7)
  7 wights
  4 electric eels
  8 crimson imps
  2 centaur zombies
  3 bullfrog zombies
  8 hounds
  12 jellies
  29 orc priests
  A bullfrog skeleton (D:5)
  28 orc wizards
  4 centaur skeletons
  2 iguanas
  12 worker ants
  4 hell rats (Lair:1)
  A hound skeleton (D:5)
  3 worker ant zombies
  A howler monkey zombie (D:9)
  11 gnolls
  12 adders
  6 river rats (Lair:1)
  2 shadow imps
  3 white imps (Lair:5)
  An ufetubus (Depths:3)
  6 oozes
  2 adder zombies
  2 adder skeletons (D:9)
  3 worms
  3 dart slugs
  4 leopard geckos
  109 orcs
  4 giant cockroaches
  7 goblins
  6 hobgoblins
  14 jackals
  20 kobolds
  3 quokkas
  3 bats
  6 frilled lizards
  A jackal skeleton (D:4)
  13 rats
  3 plants
1927 creatures vanquished.

Vanquished Creatures (collateral kills)
  2 hydras
  The ghost of Oravi the Insei, a novice MfTm (D:4)
  Joseph (D:10)
  A spiny frog (Lair:4)
  2 blink frogs (Lair:3)
  A basilisk (D:13)
  2 hogs (Lair:5)
  A swamp worm (Swamp:4)
  A wolf (Lair:3)
  2 rats (Lair:1)
  A fungus (Lair:5)
15 creatures vanquished.

Vanquished Creatures (others)
  An ironheart preserver (Vaults:3)
  A vampire mage (Depths:1)
  A death yak (IceCv)
  A spiny frog (Swamp:1)
  A yaktaur (Depths:4)
  A tyrant leech (Swamp:1)
  3 yaks (IceCv)
  An orc warrior (Vaults:3)
  3 ogres (Vaults:3)
  A boggart (Vaults:2)
  A wolf (IceCv)
  An orc (Vaults:3)
  4 briar patches (Depths:2)
  9 fungi
  69 plants
  106 spectral weapons
204 creatures vanquished.

Grand Total: 2146 creatures vanquished

Notes
Turn   | Place    | Note
-------+----------+-------------------------------------------
     0 | D:1      | Oravi the Merfolk Transmuter began the quest for the Orb.
     0 | D:1      | Reached XP level 1. HP: 15/15 MP: 3/3
   445 | D:1      | Reached XP level 2. HP: 21/21 MP: 3/5
   886 | D:1      | Reached XP level 3. HP: 26/26 MP: 4/6
   891 | D:1      | Learned a level 2 spell: Sticks to Snakes
   895 | D:1      | Learned a level 3 spell: Spider Form
  1562 | D:2      | Reached skill level 1 in Poison Magic
  1611 | D:2      | Reached skill level 5 in Transmutations
  1668 | D:2      | Reached XP level 4. HP: 25/32 MP: 2/7
  2152 | D:3      | Reached XP level 5. HP: 19/37 MP: 3/8
  2997 | D:4      | Reached skill level 3 in Dodging
  3049 | D:4      | Found Ybunaf's Jewellery Boutique.
  3083 | D:4      | Reached XP level 6. HP: 40/44 MP: 9/9
  3182 | D:4      | Found a staircase to the Ecumenical Temple.
  3191 | Temple   | Entered the Ecumenical Temple
  3252 | Temple   | Became a worshipper of Ashenzari the Shackled
  3409 | D:4      | Noticed Oravi's ghost (novice MfTm)
  3433 | D:4      | Killed Oravi's ghost
  3433 | D:4      | Reached skill level 4 in Dodging
  3433 | D:4      | Reached skill level 5 in Unarmed Combat
  3433 | D:4      | Reached XP level 7. HP: 33/52 MP: 6/10
  3941 | D:4      | Found an ornate altar of the Wu Jian Council.
  3970 | D:5      | Entered Level 5 of the Dungeon
  3971 | D:5      | Noticed Pikel
  4024 | D:5      | Reached skill level 5 in Dodging
  4118 | D:5      | Found a snail-covered altar of Cheibriados.
  4145 | D:5      | Reached XP level 8. HP: 60/60 MP: 11/11
  4706 | D:4      | Killed Pikel
  4706 | D:4      | Reached skill level 5 in Fighting
  4706 | D:4      | Reached skill level 6 in Dodging
  4893 | D:5      | Noticed Duvessa
  4893 | D:5      | Noticed Dowan
  4903 | D:5      | Killed Duvessa
  4907 | D:5      | Killed Dowan
  4907 | D:5      | Reached skill level 7 in Dodging
  4907 | D:5      | Reached XP level 9. HP: 60/68 MP: 12/12
  5578 | D:6      | Reached * piety under Ashenzari
  6076 | D:7      | Found an iron altar of Okawaru.
  6605 | D:7      | Reached skill level 8 in Dodging
  7660 | D:8      | Reached ** piety under Ashenzari
  7734 | D:8      | Noticed Kriby's ghost (novice FoFi)
  7760 | D:8      | Killed Kriby's ghost
  7760 | D:8      | Reached skill level 10 in Unarmed Combat
  7760 | D:8      | Reached XP level 10. HP: 55/79 MP: 2/13
  8103 | D:8      | Found a staircase to the Lair.
  8246 | D:9      | Noticed Joseph
  8257 | D:8      | Reached skill level 9 in Dodging
  8512 | D:9      | Noticed a two-headed ogre
  8520 | D:9      | Killed a two-headed ogre
  8531 | D:9      | Noticed a two-headed ogre
  8535 | D:9      | Learned a level 4 spell: Ice Form
  8544 | D:9      | Killed a two-headed ogre
  8553 | D:9      | Learned a level 5 spell: Blade Hands
  8763 | D:9      | Noticed Maurice
  8774 | D:9      | Killed Maurice
  8848 | D:9      | Found a shimmering altar of Xom.
  8882 | D:9      | Noticed Grum
  8895 | D:9      | Killed Grum
  8997 | D:9      | Noticed zhorgal's ghost (journeyman VSMo)
  9157 | D:8      | Reached skill level 10 in Transmutations
  9475 | D:9      | Killed zhorgal's ghost
  9475 | D:9      | Reached XP level 11. HP: 53/84 MP: 6/17
  9901 | D:10     | Entered Level 10 of the Dungeon
 10198 | D:10     | Killed Joseph
 10898 | D:11     | Noticed a manticore
 10906 | D:11     | Killed a manticore
 10914 | D:11     | Killed an unseen horror
 10914 | D:11     | Reached skill level 10 in Dodging
 11181 | D:11     | Found a staircase to the Orcish Mines.
 11672 | D:11     | Noticed an unseen horror
 11674 | D:11     | Killed an unseen horror
 11819 | D:11     | Noticed afd's ghost (journeyman GrEE)
 11847 | D:11     | Killed afd's ghost
 11847 | D:11     | Reached skill level 11 in Dodging
 11847 | D:11     | Reached XP level 12. HP: 60/95 MP: 11/18
 12300 | D:11     | Noticed a two-headed ogre
 12306 | D:11     | Killed a two-headed ogre
 12390 | D:11     | Reached *** piety under Ashenzari
 12822 | D:12     | Reached skill level 5 in Spellcasting
 12894 | D:12     | Learned a level 4 spell: Petrify
 13073 | D:12     | Reached skill level 10 in Fighting
 13275 | D:12     | Noticed Harold
 13278 | D:12     | Reached skill level 12 in Dodging
 13385 | D:12     | Killed Harold
 13691 | D:12     | Found the +5 scythe "Finisher" {speed, Str+3}
 14458 | D:13     | Noticed a centaur warrior
 14475 | D:13     | Killed a centaur warrior
 14659 | D:13     | Noticed a vault guard
 14711 | D:13     | Killed a vault guard
 14728 | D:13     | Noticed a vault guard
 14731 | D:13     | Paralysed by an orc sorcerer for 2 turns
 14742 | D:13     | Reached skill level 13 in Dodging
 14742 | D:13     | Reached XP level 13. HP: 45/106 MP: 15/20
 14747 | D:13     | Noticed a vault guard
 14771 | D:13     | Killed a vault guard
 15089 | D:13     | Killed a vault guard
 15187 | D:13     | Noticed a vault guard
 15206 | D:13     | Killed a vault guard
 15230 | D:13     | Found a gate to the Vaults.
 15285 | D:13     | Noticed a vault guard
 15364 | D:13     | Killed a vault guard
 15765 | D:13     | Noticed Josephine
 16999 | D:13     | Found a gate to the Vaults.
 17062 | D:13     | Killed Josephine
 17062 | D:13     | Reached skill level 14 in Dodging
 17904 | D:13     | Identified a scroll of acquirement
 17904 | D:13     | Identified the cursed ring "Daeronn" {rPois rN+} (You acquired it on level 13 of the Dungeon)
 18298 | D:14     | Reached **** piety under Ashenzari
 18541 | D:14     | Found Dididd's Jewellery Boutique.
 18869 | D:14     | Noticed Roxanne
 18981 | D:14     | Killed Roxanne
 19197 | D:14     | Reached skill level 1 in Earth Magic
 19387 | D:4      | Bought a cursed amulet of the acrobat for 351 gold pieces
 20194 | Lair:1   | Entered Level 1 of the Lair of Beasts
 20527 | Lair:1   | Reached XP level 14. HP: 68/116 MP: 22/22
 20823 | Lair:1   | Learned a level 6 spell: Statue Form
 21958 | Lair:2   | Found a staircase to the Swamp.
 22398 | Lair:2   | Reached ***** piety under Ashenzari
 22700 | Lair:3   | Found a staircase to the Snake Pit.
 23921 | Lair:4   | Reached skill level 5 in Earth Magic
 25004 | Lair:5   | Noticed Kirke
 25033 | Lair:5   | Killed Kirke
 25346 | Lair:5   | Noticed Urug
 25364 | Lair:5   | Killed Urug
 25611 | Lair:6   | Entered Level 6 of the Lair of Beasts
 25674 | Lair:6   | Reached skill level 1 in Ice Magic
 25815 | Lair:6   | Found a frozen archway.
 25837 | IceCv    | Entered an ice cave
 26087 | IceCv    | Reached XP level 15. HP: 81/122 MP: 20/24
 26091 | IceCv    | Reached skill level 5 in Ice Magic
 26851 | IceCv    | Noticed a frost giant
 26894 | IceCv    | Killed a frost giant
 27683 | Lair:6   | Reached skill level 15 in Transmutations
 27712 | Lair:6   | Noticed Rupert
 28109 | Lair:5   | Reached skill level 15 in Dodging
 28449 | Lair:6   | Killed Rupert
 29049 | Lair:6   | Reached ****** piety under Ashenzari
 29131 | Lair:6   | Found a staircase to the Slime Pits.
 30163 | Lair:6   | Learned a level 3 spell: Regeneration
 30480 | D:15     | Entered Level 15 of the Dungeon
 30516 | D:15     | Noticed a fire giant
 30528 | D:15     | Found a staircase to the Depths.
 30563 | D:15     | Identified the +2 pair of boots of Valour {Dex+2 Stlth+}
 30615 | D:15     | Reached skill level 16 in Dodging
 30615 | D:15     | Reached skill level 1 in Charms
 30615 | D:15     | Reached XP level 16. HP: 131/131 MP: 27/27
 30705 | D:15     | Reached skill level 1 in Necromancy
 30817 | D:15     | Noticed Azrael
 30826 | D:15     | Killed Azrael
 30864 | D:15     | Learned a level 3 spell: Spectral Weapon
 30897 | D:15     | Reached skill level 1 in Polearms
 30972 | D:15     | Reached skill level 1 in Hexes
 31611 | Orc:1    | Entered Level 1 of the Orcish Mines
 31903 | Orc:2    | Entered Level 2 of the Orcish Mines
 31913 | Orc:2    | Paralysed by an orc sorcerer for 6 turns
 31991 | Orc:2    | Found a staircase to the Elven Halls.
 32315 | Orc:2    | Found a roughly hewn altar of Beogh.
 32387 | Orc:2    | Found a roughly hewn altar of Beogh.
 32400 | Orc:2    | Found Huci's Distillery.
 32671 | Orc:2    | Noticed Saint Roka
 33012 | Orc:2    | Found a roughly hewn altar of Beogh.
 33134 | Orc:2    | Found Powuipsiwito's Magic Scroll Shoppe.
 33212 | Orc:2    | Found a roughly hewn altar of Beogh.
 33293 | Orc:2    | Killed Saint Roka
 33296 | Orc:2    | Found Catres Potei's Antique Armour Boutique.
 33536 | Orc:2    | Found a roughly hewn altar of Beogh.
 33540 | Orc:2    | Found Karufada's Antique Weapon Shop.
 33594 | Orc:2    | Found a roughly hewn altar of Beogh.
 34010 | Orc:2    | Bought a potion of agility for 48 gold pieces
 34010 | Orc:2    | Bought a potion of heal wounds for 60 gold pieces
 34010 | Orc:2    | Bought a potion of heal wounds for 60 gold pieces
 34010 | Orc:2    | Bought a potion of heal wounds for 60 gold pieces
 34349 | Swamp:1  | Entered Level 1 of the Swamp
 34355 | Swamp:1  | Reached skill level 5 in Polearms
 34644 | Swamp:1  | Reached skill level 5 in Charms
 35773 | Swamp:2  | Reached skill level 17 in Dodging
 35773 | Swamp:2  | Reached XP level 17. HP: 138/138 MP: 17/29
 35977 | Swamp:2  | Identified the +1 pair of gloves "Ichosou" {MR+ Str+4 Int-5 Dex+3}
 36588 | Swamp:3  | Reached skill level 5 in Hexes
 36967 | Swamp:3  | Noticed AnimeWaifu's ghost (journeyman FeBe)
 37080 | Swamp:3  | Killed AnimeWaifu's ghost
 37171 | Swamp:3  | Reached skill level 5 in Necromancy
 37198 | Swamp:3  | Found a snail-covered altar of Cheibriados.
 37545 | Swamp:4  | Entered Level 4 of the Swamp
 38174 | Swamp:4  | Reached skill level 10 in Polearms
 38410 | Swamp:4  | Got a decaying rune of Zot
 39020 | Snake:1  | Entered Level 1 of the Snake Pit
 39245 | Snake:1  | Identified the +5 ring mail of Jitebef {Dex+3}
 39606 | Snake:1  | Reached XP level 18. HP: 145/145 MP: 25/30
 39700 | Snake:1  | Reached skill level 15 in Polearms
 41618 | Snake:2  | Identified Qaefyxzi's Almanac of Supportive Curses
 42143 | Snake:3  | Identified the +1 leather armour "Jetorchu" {-Cast rN+ Int+2}
 42215 | Snake:3  | Noticed Donald
 42229 | Snake:3  | Killed Donald
 42487 | Snake:3  | Found Memmyx's Magic Scroll Boutique.
 43211 | Snake:3  | Identified the cursed ring "Zolatz" {+Inv rN+ Str-2 Dex+5} (You acquired it on level 3 of the Snake Pit)
 43244 | Snake:4  | Entered Level 4 of the Snake Pit
 43991 | Snake:4  | Reached XP level 19. HP: 151/151 MP: 23/31
 44611 | Snake:4  | Got a serpentine rune of Zot
 44819 | Snake:4  | Reached skill level 18 in Dodging
 45594 | Vaults:1 | Entered Level 1 of the Vaults
 46901 | Vaults:1 | Paralysed by an orc sorcerer for 2 turns
 48110 | Vaults:2 | Noticed AnimeWaifu's ghost (adept FeSk)
 48132 | Vaults:2 | Noticed Margery
 48727 | Orc:2    | Bought a scroll of blinking for 90 gold pieces
 48727 | Orc:2    | Bought a scroll of teleportation for 36 gold pieces
 48727 | Orc:2    | Bought a scroll of teleportation for 36 gold pieces
 48727 | Orc:2    | Bought a scroll of teleportation for 36 gold pieces
 49002 | Snake:3  | Bought a scroll of teleportation for 42 gold pieces
 49002 | Snake:3  | Bought a scroll of blinking for 105 gold pieces
 49002 | Snake:3  | Bought a scroll of blinking for 105 gold pieces
 49368 | Vaults:1 | Learned a level 4 spell: Cause Fear
 49398 | Vaults:2 | Reached skill level 15 in Fighting
 49413 | Vaults:1 | Killed Margery
 49413 | Vaults:1 | Reached skill level 19 in Dodging
 49413 | Vaults:1 | Reached skill level 10 in Spellcasting
 49413 | Vaults:1 | Reached XP level 20. HP: 149/162 MP: 26/34
 49577 | Vaults:2 | Paralysed by an ogre mage for 3 turns
 50311 | Vaults:2 | Killed AnimeWaifu's ghost
 50930 | Vaults:2 | Reached skill level 20 in Dodging
 52615 | Vaults:2 | Learned a level 4 spell: Leda's Liquefaction
 53163 | Vaults:3 | Found Joex's Magic Scroll Shop.
 53168 | Vaults:3 | Found a staircase to the Crypt.
 53180 | Vaults:3 | Bought a scroll of teleportation for 48 gold pieces
 53296 | Vaults:3 | Reached XP level 21. HP: 172/172 MP: 28/36
 53509 | Vaults:3 | Found Bishi's Antique Armour Emporium.
 53896 | Vaults:3 | Found Tamanul's Antique Armour Boutique.
 54258 | Vaults:3 | Identified the Reference Book on Ghastly Ignition
 54284 | Vaults:3 | Identified the +5 scale mail "Qauph" {MR+ Str+2}
 55119 | Vaults:4 | Reached skill level 21 in Dodging
 55985 | Vaults:4 | Paralysed by a great orb of eyes for 5 turns
 56191 | Vaults:4 | Found Dafaiji's Antique Armour Emporium.
 56577 | Vaults:4 | Identified the +5 hat of Beyond {MP+9 Int+2}
 57315 | Vaults:4 | Identified the +6 falchion of the Lair of Beasts {speed, +Fly Str+4}
 57315 | Vaults:4 | Identified the +5 war axe of Tapn {chop, MR++ Dex-3} (You found it on level 3 of the Vaults)
 57527 | Depths:1 | Entered Level 1 of the Depths
 57700 | Depths:1 | Identified the +1 shortbow of Fedhas's Outrage {velocity, rElec MR+ Int-4} (You took it off a tengu warrior on level 1 of the Depths)
 57726 | Depths:1 | Reached XP level 22. HP: 170/183 MP: 39/39
 58262 | D:15     | Reached skill level 22 in Dodging
 58624 | Depths:1 | Noticed a golden dragon
 58632 | Depths:1 | Killed a golden dragon
 58831 | Depths:1 | Found a gateway to Hell.
 59646 | Depths:1 | Identified the cursed +1 leather armour of Forking Paths {rC+}
 59650 | Depths:1 | Identified the Volume of the Supportive Frostbite
 60227 | Depths:2 | Found a shattered altar of Ashenzari.
 60231 | Depths:2 | Noticed brujo666's ghost (adept FoFi)
 60254 | Depths:2 | Killed brujo666's ghost
 60754 | Depths:2 | Learned a level 2 spell: Blink
 60792 | Depths:2 | Noticed the Enchantress
 60805 | Depths:2 | Killed the Enchantress
 60805 | Depths:2 | Identified the +3 faerie dragon scales {+Blink rPois rCorr} (You took it off the Enchantress on level 2 of the Depths)
 60811 | Depths:2 | Reached skill level 1 in Translocations
 60811 | Depths:2 | Reached XP level 23. HP: 108/194 MP: 41/41
 61102 | Depths:2 | Identified Rafai's Grimoire of the Glacier and Beguiling
 61544 | Depths:3 | Reached skill level 23 in Dodging
 61725 | Depths:3 | Found a one-way gate leading to the halls of Pandemonium.
 62766 | Depths:3 | Paralysed by a floating eye for 3 turns
 62899 | Depths:3 | Reached skill level 15 in Spellcasting
 62997 | Depths:3 | Identified the +0 pair of boots of the Desolation of Salt {rElec Str+2 SInv}
 63059 | Depths:3 | Identified the +4 scythe "Xebaf" {freeze, Str+7} (You took it off a fire giant on level 3 of the Depths)
 63118 | Depths:3 | Found a gateway to a ziggurat.
 64955 | Depths:4 | Reached XP level 24. HP: 203/203 MP: 42/42
 65273 | Depths:4 | Paralysed by a great orb of eyes for 2 turns
 65278 | Depths:4 | Paralysed by a great orb of eyes for 6 turns
 65568 | Depths:4 | Found a one-way gate to the infinite horrors of the Abyss.
 66498 | Depths:4 | Noticed a caustic shrike
 66503 | Depths:4 | Killed a caustic shrike
 66533 | Depths:4 | Paralysed by a great orb of eyes for 7 turns
 67081 | Depths:5 | Entered Level 5 of the Depths
 67149 | Depths:5 | Found a gate to the Realm of Zot.
 68079 | Depths:5 | Reached XP level 25. HP: 116/215 MP: 36/44
 68632 | Depths:4 | Learned a level 5 spell: Yara's Violent Unravelling
 68712 | Depths:5 | Noticed Oravi's ghost (veteran MfTm)
 68747 | Depths:5 | Killed from afar by Oravi's ghost

Vault maps used:
D:1:      matt_arrival_refuge
D:2:      patterned_corridor
D:3:      minmay_diamond_boxcup, first_ration
D:4:      kennysheep_mini_moat, minmay_temple_entry_poolview, serial_shops, shop
D:5:      kennysheep_slug_shrine, st_stairs_7, kennysheep_cluttered_room,
          kennysheep_generic_room_13, uniq_duvessa, uniq_pikel
D:6:      nicolae_water_bricks
D:7:      old_standard_altar, serial_curves, eino_curves_01, eino_curves_01,
          minmay_misc_feat_roman
D:8:      lair_entry_dummy
D:9:      nicolae_overflow_crystal_walls, uniq_joseph, uniq_maurice, uniq_grum
D:11:     kennysheep_orc_monster_closet_entryway
D:12:     hangedman_little_slice_of_home, kennysheep_pointless_box,
          minmay_guarded_unrand_finisher, uniq_harold
D:13:     grunt_vaults_entry_fortified, uniq_josephine
D:14:     infiniplex_staircase_spiral, serial_shops,
          nicolae_shop_window_shopping, uniq_roxanne
D:15:     grunt_enter_depths_giant_problem, serial_park_tiny_2, uniq_azrael
Temple:   regret_index_temple_mists
Lair:1:   kennysheep_abandoned_house, infiniplex_staircase_pool_2
Lair:2:   swamp_mist
Lair:3:   grunt_megastairs_1
Lair:4:   lemuel_fruit_tree
Lair:5:   bobbens_ice_dragon_lair, grunt_megastairs_2, uniq_urug, uniq_kirke
Lair:6:   minmay_lair_end_frog_pond, minmay_slime_entry_pillars,
          portal_ice_cave_rime, minmay_lair_oklob_chamber,
          infiniplex_staircase_pool, uniq_rupert
Swamp:1:  evilmike_swamp_ruin_house_5
Swamp:2:  nicolae_swamp_orc_logging_accident
Swamp:3:  basic_altar
Swamp:4:  swamp
Snake:1:  serial_curves, eino_curves_01, eino_curves_04
Snake:2:  kennysheep_snake, serial_bayou_shore_a
Snake:3:  serial_shops, shop, dpeg_stationary_puzzle, uniq_donald
Snake:4:  snake_pit, serial_curves, eino_curves_03, eino_curves_04
Orc:2:    grunt_orc_community_town_hall, grunt_orc_community_big_house_2,
          grunt_orc_community_big_house_2, grunt_orc_community_house_1,
          grunt_orc_community_house_2, grunt_orc_community_house_3,
          grunt_orc_community_house_2, basic_altar
Vaults:1: ontoclasm_vaults_bender, hangedman_vaults_unwind,
          vaults_standard_mumra_x, nicolae_vaults_disjoint_gnomons,
          ontoclasm_vaults_idyll, nicolae_vaults_mini_display_case,
          nicolae_vaults_shelves_hall, vaults_room_door_ring, v_pattern_2
Vaults:2: vaults_dpeg_ring, v_misc_3, v_misc_19, ontoclasm_vaults_pinch,
          vaults_dpeg_doors, dpeg_vaults_pockets_of_resistance,
          grunt_vaults_diagonal, vaults_room_semicircle, uniq_margery
Vaults:3: dpeg_vaults_monster_box, hangedman_vaults_stagger, v_misc_10,
          v_misc_14, hangedman_vaults_cutoff, v_rooms_3,
          vaults_room_glass_cross, v_misc_3, vaults_room_ringed_pool,
          grunt_vaults_focal, vaults_dpeg_encased_lava, blue_anna_dwarven_crypt,
          serial_shops, shop_fountains, shop, nicolae_shop_crystal
Vaults:4: v_misc_2, v_misc_30, v_misc_22, st_more_cells,
          hangedman_vaults_cutoff, ontoclasm_vaults_decontamination,
          ontoclasm_vaults_loading_screen,
          vaults_standard_mumra_enter_the_diamond,
          nicolae_vaults_little_squares_3, serial_shops, shop
Depths:1: hellmouth_3, kennysheep_nondescript, minmay_the_grid_2x2
Depths:2: grunt_forest_end_winery, evilmike_ruin_ashenzari, lightli_too_deep
Depths:3: minmay_tile_spiral, enter_ziggurat_f, rand_demon_pan_entry_3,
          hangedman_abyss_or_decor_stagger, hell_entry, minmay_strange_pillars,
          kennysheep_random_hallway, infiniplex_staircase_split_hallway
Depths:4: nooodl_heptagram, hell_entry, chequers_big_river, abyss_entry_crystal,
          uniq_enchantress
Depths:5: evilmike_zot_entry_round, hangedman_tar_grid_catacomb, nicolae_wwwww,
          rand_demon_pan_entry_4, st_stairs_3, serial_bayou_shore_b
IceCv:    ice_cave_caverns_03

Skill      XL: |  1  2  3  4  5  6  7  8  9 10 11 12 13 14 15 16 17 18 19 20 21 22 23 24 |
---------------+-------------------------------------------------------------------------+-----
Transmutations | 3 4 5 6 11 12 14 15 | 15.0
Poison Magic   | 1 2 3 |  3.0
Dodging        | 3 4 5 7 8 9 11 13 14 16 17 19 20 21 22 23 | 23.7
Unarmed Combat | 4 5 6 8 10 12 13 14 | 14.0
Fighting       | 3 5 7 9 11 12 13 15 16 17 19 21 | 21.6
Spellcasting   | 4 5 6 7 8 10 11 13 14 15 17 | 17.1
Earth Magic    | 2 6 |  6.8
Ice Magic      | 4 6 |  6.1
Charms         | 1 5 |  5.5
Necromancy     | 4 5 |  5.5
Polearms       | 6 14 20 22 | 22.5
Hexes          | 4 5 |  5.5
Translocations | 1 |  1.5

Action                   |  1- 3 |  4- 6 |  7- 9 | 10-12 | 13-15 | 16-18 | 19-21 | 22-24 | 25-27 || total
-------------------------+-------+-------+-------+-------+-------+-------+-------+-------+-------++-------
Melee: Unarmed           |    91 |   126 |   236 |   595 |  1141 |   933 |       |       |       ||  3122
       Punch             |     3 |       |       |     2 |    30 |    46 |       |       |       ||    81
       Headbutt          |     6 |       |     2 |       |       |       |       |       |       ||     8
       Tailslap          |       |       |       |     2 |     7 |     2 |       |       |       ||    11
       Glaive            |       |       |       |       |       |   465 |  1127 |   998 |    60 ||  2650
 Cast: Beastly Appendage |     8 |       |     4 |       |       |       |       |       |       ||    12
       Spider Form       |     8 |    20 |    34 |    65 |    63 |       |       |       |       ||   190
       Sticks to Snakes  |       |     6 |     5 |    18 |    56 |    25 |     5 |       |       ||   115
       Blade Hands       |       |       |       |     7 |    31 |       |       |       |       ||    38
       Ice Form          |       |       |       |       |     8 |       |       |       |       ||     8
       Statue Form       |       |       |       |       |    18 |   107 |    87 |    74 |     3 ||   289
       Petrify           |       |       |       |       |     1 |    12 |    20 |     4 |       ||    37
       Spectral Weapon   |       |       |       |       |       |    68 |   140 |   119 |     5 ||   332
       Regeneration      |       |       |       |       |       |       |     9 |    17 |     2 ||    28
       Cause Fear        |       |       |       |       |       |       |     5 |     1 |       ||     6
       Leda's Liquefacti |       |       |       |       |       |       |     1 |       |       ||     1
       Blink             |       |       |       |       |       |       |       |       |     5 ||     5
Invok: Curse Item        |       |     1 |     2 |     2 |     1 |       |     2 |     1 |       ||     9
 Abil: End Transformatio |       |       |       |     5 |    19 |       |     2 |     2 |       ||    28
Evoke: Wand              |       |       |     2 |    26 |    40 |       |       |     4 |       ||    72
  Use: Scroll            |       |     3 |     5 |     6 |    10 |     7 |    21 |     5 |       ||    57
       Potion            |       |       |       |     1 |     6 |     2 |    24 |     4 |     1 ||    38
 Stab: Sleeping          |     2 |     3 |     2 |     1 |     4 |     1 |     2 |     2 |       ||    17
       Distracted        |       |     1 |     1 |       |     5 |     5 |    14 |    15 |     1 ||    42
       Paralysed         |       |       |       |       |     5 |       |       |       |       ||     5
       Petrified         |       |       |       |       |     1 |    13 |    20 |     1 |       ||    35
       Petrifying        |       |       |       |       |       |       |     4 |       |       ||     4
  Eat: Chunk             |     4 |     8 |    14 |    22 |    55 |    60 |    53 |    46 |     2 ||   264
       Ration            |       |       |     1 |     3 |     6 |    11 |     9 |     4 |       ||    34
Armor: Robe              |     6 |     1 |     1 |       |       |       |       |       |       ||     8
       Skin              |     3 |    10 |     9 |    18 |   154 |   508 |   415 |   496 |    14 ||  1627
       Animal skin       |       |       |       |     6 |    26 |     3 |     3 |     8 |     2 ||    48
Dodge: Dodged            |    49 |    89 |   219 |   633 |  1596 |  2704 |  2145 |  2440 |    68 ||  9943

Table legend:
 A = Spawn XP
 B = Non-spawn XP
 C = Spawn XP percentage of total XP
 D = Spawn monster count
 E = Non-spawn monster count
 F = Spawn count percentage of total count
 G = Total turns spent on level
                    A         B        C        D         E        F      G
               +---------+---------+-------+---------+---------+-------+---------
         Total |       0 |  978723 |   0.0 |       0 |    1939 |   0.0 | 68747
               +---------+---------+-------+---------+---------+-------+---------
           D:1 |       0 |      35 |   0.0 |       0 |      16 |   0.0 |  1344
           D:2 |       0 |      86 |   0.0 |       0 |      21 |   0.0 |   744
           D:3 |       0 |     104 |   0.0 |       0 |      28 |   0.0 |   899
           D:4 |       0 |    1333 |   0.0 |       0 |      16 |   0.0 |  1054
           D:5 |       0 |     830 |   0.0 |       0 |      25 |   0.0 |  1186
           D:6 |       0 |     241 |   0.0 |       0 |      10 |   0.0 |   971
           D:7 |       0 |    1076 |   0.0 |       0 |      16 |   0.0 |  1280
           D:8 |       0 |    2037 |   0.0 |       0 |      23 |   0.0 |  2158
           D:9 |       0 |    4687 |   0.0 |       0 |      25 |   0.0 |  1371
          D:10 |       0 |    2675 |   0.0 |       0 |      25 |   0.0 |  1359
          D:11 |       0 |   10149 |   0.0 |       0 |      72 |   0.0 |  2024
          D:12 |       0 |    6437 |   0.0 |       0 |      46 |   0.0 |  1694
          D:13 |       0 |   14008 |   0.0 |       0 |      39 |   0.0 |  4163
          D:14 |       0 |   10347 |   0.0 |       0 |      28 |   0.0 |  1798
          D:15 |       0 |   23708 |   0.0 |       0 |      51 |   0.0 |  1658
        Lair:1 |       0 |    6177 |   0.0 |       0 |      41 |   0.0 |  1198
        Lair:2 |       0 |    5163 |   0.0 |       0 |      25 |   0.0 |  1139
        Lair:3 |       0 |    6033 |   0.0 |       0 |      23 |   0.0 |   934
        Lair:4 |       0 |    5480 |   0.0 |       0 |      19 |   0.0 |  1059
        Lair:5 |       0 |   11240 |   0.0 |       0 |      45 |   0.0 |  1475
        Lair:6 |       0 |   29089 |   0.0 |       0 |      89 |   0.0 |  2262
       Swamp:1 |       0 |   14215 |   0.0 |       0 |      41 |   0.0 |  1181
       Swamp:2 |       0 |    9561 |   0.0 |       0 |      23 |   0.0 |  1034
       Swamp:3 |       0 |   11565 |   0.0 |       0 |      24 |   0.0 |  1021
       Swamp:4 |       0 |   32948 |   0.0 |       0 |      60 |   0.0 |  1368
       Snake:1 |       0 |   20231 |   0.0 |       0 |      34 |   0.0 |  1298
       Snake:2 |       0 |   33783 |   0.0 |       0 |      55 |   0.0 |  1651
       Snake:3 |       0 |   12714 |   0.0 |       0 |      21 |   0.0 |  1887
       Snake:4 |       0 |   48519 |   0.0 |       0 |      81 |   0.0 |  1578
         Orc:1 |       0 |    4885 |   0.0 |       0 |      47 |   0.0 |   613
         Orc:2 |       0 |   14193 |   0.0 |       0 |     106 |   0.0 |  1922
      Vaults:1 |       0 |   51013 |   0.0 |       0 |      76 |   0.0 |  3338
      Vaults:2 |       0 |   79077 |   0.0 |       0 |     103 |   0.0 |  2916
      Vaults:3 |       0 |   52275 |   0.0 |       0 |      80 |   0.0 |  2604
      Vaults:4 |       0 |   49836 |   0.0 |       0 |      63 |   0.0 |  2018
      Depths:1 |       0 |   79393 |   0.0 |       0 |     100 |   0.0 |  1698
      Depths:2 |       0 |   59233 |   0.0 |       0 |      67 |   0.0 |  2256
      Depths:3 |       0 |  108996 |   0.0 |       0 |      96 |   0.0 |  3133
      Depths:4 |       0 |   87648 |   0.0 |       0 |      80 |   0.0 |  2272
      Depths:5 |       0 |   57057 |   0.0 |       0 |      59 |   0.0 |  1247
         IceCv |       0 |   10646 |   0.0 |       0 |      40 |   0.0 |  1793
               +---------+---------+-------+---------+---------+-------+---------
